 Dungeon Crawl Stone Soup version 0.21.1-74-g47da925 (webtiles) character file.

459 Madoushi the Shield-Bearer (level 7, -7/44 HPs)
             Began as a Gargoyle Fighter on Aug 7, 2018.
             Mangled by an ogre
             ... wielding a +0 giant spiked club
              (20 damage)
             ... on level 5 of the Dungeon.
             The game lasted 00:05:36 (3937 turns).

Madoushi the Shield-Bearer (Gargoyle Fighter)       Turns: 3937, Time: 00:05:36

Health: -7/44      AC: 13    Str: 21    XL:     7   Next: 6%
Magic:  7/7        EV:  7    Int:  9    God:
Gold:   330        SH:  9    Dex:  9    Spells: 6/6 levels left

rFire    . . .     SeeInvis .   a - +1 war axe
rCold    . . .     Gourm    .   c - +0 shield
rNeg     + . .     Faith    .   b - +0 scale mail
rPois    ∞         Spirit   .   (no helmet)
rElec    +         Reflect  .   j - +0 cloak
rCorr    .         Harm     .   (no gloves)
MR       .....                  (no boots)
Stlth    ..........             (no amulet)
HPRegen  0.14/turn              (no ring)
MPRegen  0.10/turn              (no ring)

@: no status effects
A: negative energy resistance 1, electricity resistance, unbreathing,
petrification resistance, rot immunity, AC +4
a: no special abilities


You were on level 5 of the Dungeon.
You were hungry.

You visited 1 branch of the dungeon, and saw 5 of its levels.

You collected 330 gold pieces.

Inventory:

Hand Weapons
 a - a +1 war axe (weapon)
Armour
 b - a +0 scale mail (worn)
 c - a +0 shield (worn)
 j - a +0 cloak (worn)
Jewellery
 v - a +1 ring of evasion {unknown}
 x - an uncursed ring of fire {unknown}
 z - an uncursed ring of stealth {unknown}
Wands
 y - a wand of iceblast (5)
Scrolls
 h - 2 scrolls of enchant weapon
 i - 6 scrolls of identify
 k - a scroll of fear {unknown}
 m - 2 scrolls of amnesia {unknown}
 o - 2 scrolls of enchant armour {unknown}
 q - 4 scrolls of remove curse {unknown}
 t - 4 scrolls of teleportation {unknown}
Potions
 d - 3 potions of might
 e - a potion of mutation {unknown}
 g - 2 potions of haste
 l - 3 potions of heal wounds {unknown}
 n - a potion of cancellation {unknown}
 p - a potion of brilliance {unknown}
 r - a potion of magic {unknown}
 s - 2 potions of flight {unknown}
 u - a potion of curing {unknown}
 w - a potion of degeneration {unknown}
Comestibles
 f - 4 rations


   Skills:
 + Level 4.7 Fighting
 * Level 4.4 Axes
 + Level 4.7 Armour
 + Level 4.8 Shields


You had 6 spell levels left.
You didn't know any spells.

Dungeon Overview and Level Annotations

Branches:
Dungeon (5/15)
 Temple: D:4-7

Altars:
Gozag

Shops:
D:4 *   D:5 %


Innate Abilities, Weirdness & Mutations

You are resistant to torment.
Your stone body is resilient. (AC +4)
You are immune to poison.
You resist negative energy. (rN+)
You are resistant to electric shocks. (rElec)
You can survive without breathing.
You are immune to petrification.
You are immune to rotting.


Message History

Found a stone staircase leading down.
No target in view!
An ogre comes into view. It is wielding a giant spiked club.
The ogre shouts!
You hear a shout!
An ogre comes into view. It is wielding a giant spiked club.
You barely miss the ogre.
The ogre hits you with a giant spiked club!
You slash the ogre!
The ogre is heavily wounded.
The ogre hits you with a giant spiked club!!
Ouch! That really hurt!
* * * LOW HITPOINT WARNING * * *
You are too injured to fight recklessly!
You are too injured to fight recklessly!
You are too injured to fight recklessly!
You are too injured to fight recklessly!
You are too injured to fight recklessly!
Found a short sword.
The ogre hits you with a giant spiked club!!
You die...

#..# #..#### #.....#
#..##.# #..# # #..#
##..# ###.####O..#
.......@.#.#
#.....##.O.#
.)....###.###.# #
#........#....# #.#.##
#.....###.#########.#.#.
#... #.............#> #
###...........#.
#.#####....... #.#
#.....#.


You could see 2 ogres.

Vanquished Creatures
  Menkaure (D:4)
  Blork the orc (D:4)
  A hound (D:4)
  A jelly (D:3)
  An iguana (D:4)
  4 gnolls
  4 adders
  3 oozes
  An adder skeleton (D:4)
  2 worms
  2 dart slugs
  A leopard gecko (D:3)
  8 orcs
  6 giant cockroaches
  5 goblins (D:1)
  3 hobgoblins
  9 jackals
  12 kobolds
  3 quokkas
  4 ball pythons
  5 bats
  6 frilled lizards
  A leopard gecko skeleton (D:4)
  7 rats
91 creatures vanquished.

Notes
Turn   | Place    | Note
-------+----------+-------------------------------------------
     0 | D:1      | Madoushi the Gargoyle Fighter began the quest for the Orb.
     0 | D:1      | Reached XP level 1. HP: 14/14 MP: 1/1
     2 | D:1      | Noticed a halfling
     2 | D:1      | Noticed a tengu
     4 | D:1      | Noticed a minotaur
     4 | D:1      | Noticed a spriggan
     6 | D:1      | Noticed a ghoul
     6 | D:1      | Noticed a demonspawn
     8 | D:1      | Noticed a vampire
     8 | D:1      | Noticed a draconian
    10 | D:1      | Noticed a felid
    12 | D:1      | Noticed a merfolk
    12 | D:1      | Noticed a centaur
    14 | D:1      | Noticed a troll
    14 | D:1      | Noticed a gargoyle
    16 | D:1      | Noticed a dwarf
    16 | D:1      | Noticed an octopode
    18 | D:1      | Noticed a human
    20 | D:1      | Noticed a vine stalker
    20 | D:1      | Noticed a formicid
    22 | D:1      | Noticed an elf
    22 | D:1      | Noticed an ogre
    26 | D:1      | Noticed a demigod
    26 | D:1      | Noticed a naga
   146 | D:1      | Reached XP level 2. HP: 18/19 MP: 2/2
   444 | D:1      | Reached XP level 3. HP: 22/23 MP: 3/3
  1176 | D:2      | Reached XP level 4. HP: 29/29 MP: 4/4
  2012 | D:3      | Reached XP level 5. HP: 33/33 MP: 5/5
  2651 | D:4      | Noticed Blork the orc
  2659 | D:4      | Killed Blork the orc
  2662 | D:4      | Reached XP level 6. HP: 34/39 MP: 6/6
  2790 | D:4      | Found Violoite's General Store.
  2879 | D:4      | Noticed Menkaure
  2886 | D:4      | Killed Menkaure
  3471 | D:4      | Found an opulent altar of Gozag.
  3588 | D:5      | Entered Level 5 of the Dungeon
  3616 | D:4      | Reached XP level 7. HP: 38/44 MP: 7/7
  3755 | D:5      | Found Qismu's Food Shop.
  3937 | D:5      | Mangled by an ogre

Skill      XL: |  1  2  3  4  5  6 |
---------------+-------------------+-----
Axes           | 2 3 4 |  4.4
Fighting       | 4 |  4.7
Shields        | 4 |  4.8
Armour         | 4 |  4.7

Action                   |  1- 3 |  4- 6 |  7- 9 || total
-------------------------+-------+-------+-------++-------
Melee: War axe           |    88 |   154 |    16 ||   258
  Use: Scroll            |     2 |       |       ||     2
  Eat: Chunk             |       |     9 |       ||     9
Armor: Scale mail        |    50 |    83 |     8 ||   141
Dodge: Dodged            |    34 |    58 |       ||    92
Block: Shield            |    45 |    90 |     9 ||   144
